 Dungeon Crawl Stone Soup version 0.24.0-13-gcf9b3192b9 (webtiles) character file.

Game seed: 12303740037908635909, levelgen mode: deterministic

162005 KarmaPolice the Fighter (level 17, 0/98 HPs)
             Began as a Vine Stalker Assassin on Nov 10, 2019.
             Was the Champion of Wu Jian.
             Succumbed to a swamp dragon's blast of poison
             ... on level 4 of the Swamp on Nov 11, 2019.
             The game lasted 03:40:07 (37721 turns).

KarmaPolice the Fighter (Vine Stalker Assassin)    Turns: 37721, Time: 03:40:08

Health: 0/98       AC: 14    Str: 18    XL:     17   Next: 80%
Magic:  0/27       EV: 21    Int: 14    God:    Wu Jian [******]
Gold:   2745       SH:  0    Dex: 23    Spells: 16/16 levels left

rFire    . . .     SeeInvis .   q - +1 dire flail (drain)
rCold    . . .     Gourm    .   (shield currently unavailable)
rNeg     . . .     Faith    .   T - +3 leather armour of Sloth {rElec rCorr Str-4 Slay+3}
rPois    .         Spirit   +   I - +1 hat {Int+3}
rElec    +         Reflect  .   c - +0 cloak
rCorr    +         Harm     .   k - +0 pair of gloves
MR       +++..                  C - +1 pair of boots
Stlth    +++.......             w - amulet of the acrobat
HPRegen  1.06/turn              v - +3 ring of strength
MPRegen  0.20/turn              J - ring of protection from magic

@: agile, lethally poisoned (0 -> -2), about to teleport, very slightly
contaminated, very slow
A: fangs 3, regeneration 2, magic shield, antimagic bite, no potion heal 3, rot
immunity
a: Wall Jump, Serpent's Lash, Heavenly Storm, Renounce Religion


You were on level 4 of the Swamp.
You worshipped Wu Jian.
Wu Jian was exalted by your worship.
You were not hungry.

You visited 6 branches of the dungeon, and saw 31 of its levels.
You also visited: Ossuary.

You collected 3326 gold pieces.
You spent 581 gold pieces at shops.

Inventory:

Hand Weapons
 q - a +1 dire flail of draining (weapon)
 x - a +2 flail of holy wrath
 S - a +1 whip of venom
Missiles
 e - 4 curare-tipped darts
 y - 3 silver javelins
 H - 8 atropa-tipped darts (quivered)
 V - 115 poisoned darts
Armour
 c - a +0 cloak (worn)
 k - a +0 pair of gloves (worn)
 C - a +1 pair of boots (worn)
 I - a +1 hat of intelligence (worn)
 T - the +3 leather armour of Sloth (worn) {rElec rCorr Str-4 Slay+3}
   (You found it on level 11 of the Dungeon)

   It affects your strength (-4).
   It affects your accuracy and damage with ranged weapons and melee attacks
   (+3).
   It insulates you from electricity.
   It provides partial protection from all sources of acid and corrosion.
 W - the +2 pair of boots "Hyfotoih" {rElec rCorr Str-4 Int-2}
   (You bought it in a shop on level 2 of the Orcish Mines)

   It affects your strength (-4).
   It affects your intelligence (-2).
   It insulates you from electricity.
   It provides partial protection from all sources of acid and corrosion.
Jewellery
 v - a +3 ring of strength (left hand)
 w - an amulet of the acrobat (around neck)
 E - an uncursed ring of resist corrosion
 J - a ring of protection from magic (right hand)
Wands
 d - a wand of paralysis (1)
 n - a wand of iceblast (2)
 u - a wand of random effects (25)
 R - a wand of digging (9)
Scrolls
 b - a scroll of silence
 i - 13 scrolls of remove curse
 l - 6 scrolls of identify
 r - 2 scrolls of holy word {unknown}
 s - 6 scrolls of fog
 t - 9 scrolls of teleportation
 B - 3 scrolls of magic mapping
 D - 4 scrolls of enchant weapon
 F - 4 scrolls of enchant armour
 M - a scroll of torment {unknown}
 P - 8 scrolls of random uselessness
 Q - 2 scrolls of vulnerability {unknown}
 X - 6 scrolls of summoning {unknown}
 Y - 4 scrolls of amnesia {unknown}
Potions
 g - 4 potions of resistance
 h - 5 potions of cancellation
 j - a potion of ambrosia
 m - 5 potions of agility
 o - a potion of invisibility
 z - a potion of flight
 A - 6 potions of might
 G - 9 potions of curing
 K - a potion of haste
 L - 5 potions of mutation
 U - 4 potions of brilliance
Comestibles
 f - 28 rations


   Skills:
 + Level 14.8 Fighting
   Level 1.7(2.4) Short Blades
   Level 2.4(2.8) Long Blades
   Level 9.1(10.9) Axes
 + Level 9.7(11.1) Maces & Flails
 - Level 8.0 Throwing
 + Level 11.0 Armour
 + Level 5.6 Dodging
 - Level 10.3 Stealth
   Level 4.2 Shields
 - Level 12.7 Evocations


You had 16 spell levels left.
You didn't know any spells.
Your spell library contained the following spells:

 Spells                   Type           Power        Failure   Level  Hunger
 Beastly Appendage        Tmut           #.....       32%         1    ##.....
 Summon Butterflies       Summ           #.......     32%         1    ##.....
 Poisonous Vapours        Pois/Air       #.....       45%         2    ###....
 Sticks to Snakes         Tmut           #.......     45%         2    ###....
 Call Canine Familiar     Summ           #.......     69%         3    ####...
 Conjure Flame            Conj/Fire      #.......     69%         3    ####...
 Mephitic Cloud           Conj/Pois/Air  #.......     69%         3    ####...
 Spider Form              Tmut/Pois      #.........   69%         3    ####...
 Ice Form                 Ice/Tmut       #.......     97%         4    #####..
 Summon Ice Beast         Ice/Summ       #.......     97%         4    #####..
 Summon Lightning Spire   Summ/Air       #.......     97%         4    #####..
 Blade Hands              Tmut           #.........   100%        5    ######.
 Silence                  Hex/Air        #.........   100%        5    ######.
 Summon Mana Viper        Hex/Summ       #.......     100%        5    ######.
 Conjure Ball Lightning   Conj/Air       #.........   100%        6    #######
 Deflect Missiles         Chrm/Air       #.........   100%        6    #######
 Freezing Cloud           Conj/Ice/Air   #.........   100%        6    #######
 Ring of Flames           Chrm/Fire      #.........   100%        7    #######
 Summon Hydra             Summ           #.........   100%        7    #######
 Tornado                  Air            #.........   100%        9    #######


Dungeon Overview and Level Annotations

Branches:
Dungeon (15/15)            Temple (1/1) D:7            Lair (6/6) D:10
  Swamp (4/4) Lair:2        Snake (3/4) Lair:4        Slime (0/5) Lair:6
    Orc (2/2) D:12            Elf (0/3) Orc:2        Vaults (0/5) D:13
 Depths (0/5) D:15        Ossuary (visited)

Altars:
Ashenzari
Cheibriados
Dithmenos
Elyvilon
Fedhas
Gozag
Hepliaklqana
Kikubaaqudgha
Makhleb
Nemelex Xobeh
Okawaru
Qazlal
Ru
Sif Muna
Trog
Uskayaw
Vehumet
Wu Jian
Xom
Yredelemnul
Zin
The Shining One
Jiyva

Shops:
D:10 !   D:13 [   D:14 *   Orc:2 *[=(   Snake:2 :

Annotations:
D:14 exclusion: ice statue, Roxanne
Swamp:1 1 runed translucent door, Johnny's ghost, journeyman TrBe
Swamp:3 2 transporters
Orc:2 1 runed translucent door, AlterAsc's ghost, journeyman OpTm


Innate Abilities, Weirdness & Mutations

You have razor-sharp teeth.
You heal very quickly.
When hurt, damage is shared between your health and your magic reserves.
Your bite disrupts and absorbs the magic of your enemies.
Potions cannot restore your health.
You are immune to rotting.


Message History

You feel less exhausted.
You feel sick.
The swamp dragon breathes poison at you.
The blast of poison misses you.
The seven-headed hydra closely misses you.
The seven-headed hydra misses you.
The seven-headed hydra barely misses you.
The seven-headed hydra bites you!
* * * LOW HITPOINT WARNING * * *
The seven-headed hydra bites you but does no damage.
The seven-headed hydra bites you!
* * * LOW HITPOINT WARNING * * *
The seven-headed hydra completely misses you.
You hear a roar!
You hear a deafening roar!
You hear a roar! x2
You hear a shout!
Blink to where?
Press: ? - help, Dir - move target cursor Splash!
As you read the scroll of blinking, it crumbles to dust.
You die...

♣♣♣♣♣.≈≈....≈≈≈≈☼D○☼♣♣♣♣
♣D≈≈≈≈≈.
♣♣..≈≈.♣♣D♣≈≈≈≈§○○°D♣≈♣≈♣≈≈≈≈≈≈.
♣≈÷.≈§.♣♣♣≈♣≈≈.≈≈○☼○○..≈D≈..≈≈≈♣
♣♣♣.≈≈≈.♣≈≈≈♣♣...°☼°≈##.##≈.≈≈≈.
♣.≈≈≈≈♣≈≈≈≈≈≈.≈.§☼○##.. ##♣≈≈≈.
♣♣.≈..≈≈≈≈≈≈≈♣≈§.≈.##.. #≈.≈.
♣..§..≈♣≈≈≈≈≈...≈♣♣#... #♣§≈≈
♣♣.≈.≈≈♣♣≈≈≈♣.≈≈.# #.. #♣≈≈
♣≈.≈≈%..♣≈♣♣.♣@♣# ... ♣≈≈
♣♣♣..≈.≈..♣♣♣♣≈♣# #♣≈
♣♣.≈.≈.≈≈≈♣ ♣..# ♣.
♣..≈...≈.♣♣♣♣♣♣.♣# ≈≈
♣.≈≈..≈≈.♣...♣♣≈.♣# ≈.
♣J≈≈§≈≈≈≈♣...≈♣§§≈♣# .
♣...≈≈≈≈♣♣....≈≈≈≈≈♣
♣♣.≈≈≈≈..≈♣...≈≈.≈≈≈♣
♣♣≈≈≈≈≈≈≈≈≈≈♣♣♣≈♣..≈≈≈.♣


You could see a seven-headed hydra and a five-headed hydra (wandering).

Vanquished Creatures
  Gastronok (D:9)
  A thorn hunter (Swamp:4)
  2 nagarajas (Snake:2)
  3 orc warlords (Orc:1)
  Louise (D:14)
  Azrael (D:14)
  An ettin (Orc:1)
  8 vault guards (D:13)
  2 shambling mangroves
  Harold (D:9)
  5 naga warriors
  Fannar (Lair:2)
  12 hydras
  2 anacondas
  5 catoblepae
  Erica (D:9)
  4 centaur warriors
  A two-headed ogre (D:9)
  12 alligators
  10 death yaks (Lair:6)
  An orc high priest (Orc:2)
  4 shock serpents
  5 naga sharpshooters
  A naga ritualist (Snake:1)
  A wizard (D:15)
  6 swamp dragons
  An unseen horror (D:14)
  A spriggan druid (Swamp:2)
  A necromancer (D:15)
  A wolf spider zombie (D:15)
  8 orc knights
  6 orc sorcerers
  An oklob plant (Lair:1)
  2 deep elf magi
  15 ugly things
  6 manticores
  3 mana vipers (Snake:1)
  5 salamanders
  17 elephants
  2 cyclopes
  14 black mambas
  9 naga magi
  Psyche (D:12)
  A guardian serpent (Snake:2)
  18 spiny frogs
  4 centaur skeletons
  A kobold demonologist (D:13)
  5 rime drakes
  12 komodo dragons
  6 trolls
  3 meliai (D:15)
  12 tyrant leeches
  A polar bear (shapeshifter) (D:15)
  7 bog bodies
  11 hornets
  15 hippogriffs
  15 slime creatures
  A centaur simulacrum (D:15)
  2 water elementals (D:13)
  6 spriggans
  3 shadows
  3 vampires (D:14)
  43 yaks
  6 wyverns
  3 fire elementals (D:14)
  2 wraiths
  Grum (D:8)
  9 basilisks
  2 steam dragons
  A hungry ghost (D:13)
  17 vampire mosquitoes
  2 wargs (Orc:1)
  11 insubstantial wisps
  A soldier ant (D:10)
  22 swamp worms
  An acid dragon (D:14)
  13 nagas
  A hell hound (D:14)
  Duvessa (D:7)
  11 water moccasins
  14 porcupines
  2 ice beasts (D:15)
  5 sky beasts
  2 eyes of draining
  50 orc warriors
  15 swamp drakes
  2 black bears
  12 ogres
  2 phantoms
  A necrophage (D:9)
  A boggart (shapeshifter) (D:12)
  5 wolves
  11 centaurs
  7 crocodiles
  Blork the orc (D:6)
  A big kobold (D:6)
  2 gnoll sergeants (D:6)
  11 bullfrogs
  2 wyvern zombies
  Dowan (D:7)
  4 scorpions
  19 killer bees
  A wight (D:9)
  4 howler monkeys
  2 electric eels (Lair:5)
  A bullfrog zombie (D:13)
  4 crimson imps
  4 centaur zombies
  2 jellies
  2 bullfrog skeletons (D:4)
  27 orc priests
  12 hounds
  28 orc wizards
  2 gnoll shamans (D:6)
  7 worker ants
  5 iguanas
  2 hound zombies
  2 hound skeletons
  12 mummies
  2 worker ant zombies
  8 gnolls
  12 adders
  3 shadow imps
  2 oozes
  An adder zombie (D:9)
  3 adder skeletons
  4 worms
  3 dart slugs
  5 leopard geckos
  137 orcs
  2 ball pythons
  13 bats
  5 giant cockroaches
  11 goblins
  17 hobgoblins
  6 jackals (D:1)
  8 quokkas
  5 frilled lizards
  2 gnoll skeletons (Ossuary)
  4 goblin skeletons (Ossuary)
  A hobgoblin zombie (D:6)
  12 kobolds
  A kobold skeleton (Ossuary)
  An orc skeleton (Ossuary)
  7 rats
  11 rat skeletons (Ossuary)
  2 briar patches (Swamp:4)
1033 creatures vanquished.

Vanquished Creatures (others)
  A troll (D:11)
  A naga (Snake:2)
  An orc wizard (Orc:2)
  A hound zombie (D:11)
  6 briar patches (Swamp:4)
  23 fungi
  13 plants
46 creatures vanquished.

Grand Total: 1079 creatures vanquished

Notes
Turn   | Place    | Note
-------+----------+-------------------------------------------
     0 | D:1      | KarmaPolice the Vine Stalker Assassin began the quest for
                  | the Orb.
     0 | D:1      | Reached XP level 1. HP: 11/11 MP: 2/2
    34 | D:1      | Reached skill level 5 in Stealth
    56 | D:1      | Reached skill level 2 in Fighting
   103 | D:1      | Reached XP level 2. HP: 15/15 MP: 3/3
   583 | D:1      | Reached XP level 3. HP: 18/18 MP: 4/4
  1468 | D:2      | Gained mutation: Your natural rate of healing is unusually
                  | fast. [Vine Stalker growth]
  1468 | D:2      | Reached XP level 4. HP: 20/23 MP: 5/5
  1544 | D:2      | Reached skill level 1 in Axes
  1893 | D:2      | Found a shimmering blue altar of Sif Muna.
  2240 | D:3      | Reached XP level 5. HP: 28/28 MP: 6/6
  2283 | D:3      | Reached skill level 3 in Fighting
  3030 | D:4      | Reached XP level 6. HP: 32/32 MP: 7/7
  3732 | D:4      | Reached XP level 7. HP: 37/37 MP: 8/8
  3863 | D:4      | Found a white marble altar of Elyvilon.
  4050 | D:5      | Entered Level 5 of the Dungeon
  4179 | D:5      | Reached skill level 4 in Fighting
  4330 | D:5      | Found a stormy altar of Qazlal.
  5088 | D:6      | Gained mutation: You have razor-sharp teeth. [Vine Stalker
                  | growth]
  5088 | D:6      | Reached XP level 8. HP: 41/42 MP: 9/9
  5204 | D:6      | Noticed Blork the orc
  5436 | D:6      | Found a sand-covered staircase.
  5521 | Ossuary  | Entered an ossuary
  6134 | D:7      | Found a staircase to the Ecumenical Temple.
  6143 | Temple   | Entered the Ecumenical Temple
  6192 | Temple   | Became a worshipper of the Wu Jian Council
  6320 | D:7      | Reached skill level 5 in Fighting
  6367 | D:7      | Reached skill level 5 in Throwing
  6393 | D:7      | Found a bloodstained altar of Trog.
  6404 | D:7      | Found an iron altar of Okawaru.
  6633 | D:7      | Found a bloodstained altar of Trog.
  6665 | D:7      | Noticed Duvessa
  6666 | D:7      | Found a hide-covered altar of Uskayaw.
  6666 | D:7      | Noticed a +0 dagger
  6666 | D:7      | Noticed a +0 dagger
  6670 | D:7      | Noticed Dowan
  6798 | D:7      | Killed Duvessa
  6850 | D:7      | Found a sacrificial altar of Ru.
  6971 | D:7      | Reached XP level 9. HP: 47/47 MP: 10/10
  7123 | D:7      | Killed Dowan
  7271 | D:6      | Reached skill level 5 in Axes
  7368 | D:6      | Killed Blork the orc
  7455 | D:6      | Reached * piety under Wu Jian
  7598 | D:6      | Reached skill level 6 in Fighting
  7598 | D:6      | Reached skill level 1 in Evocations
  8171 | D:8      | Noticed Grum
  8202 | D:8      | Killed Grum
  8202 | D:8      | Reached skill level 1 in Shields
  8434 | D:8      | Found Wudit's Antique Weapon Shop.
  8682 | D:8      | Reached XP level 10. HP: 48/53 MP: 9/13
  8908 | D:9      | Noticed Gastronok
  8980 | D:9      | Reached ** piety under Wu Jian
  9018 | D:9      | Noticed a two-headed ogre
  9121 | D:9      | Noticed Erica
  9145 | D:9      | Killed Erica
  9145 | D:9      | Reached skill level 7 in Fighting
  9330 | D:9      | Reached skill level 1 in Maces & Flails
  9618 | D:9      | Killed a two-headed ogre
  9618 | D:9      | Reached skill level 5 in Evocations
  9618 | D:9      | Reached XP level 11. HP: 25/60 MP: 5/15
  9688 | D:9      | Reached skill level 8 in Fighting
  9856 | D:9      | Killed Gastronok
  9856 | D:9      | Reached skill level 10 in Stealth
  9976 | D:9      | Noticed Harold
  9985 | D:9      | Killed Harold
 10368 | D:10     | Entered Level 10 of the Dungeon
 10387 | D:10     | Found a staircase to the Lair.
 10459 | D:10     | Reached *** piety under Wu Jian
 10617 | D:10     | Found Ohood's Distillery.
 10620 | D:10     | Bought a potion of flight for 51 gold pieces
 10620 | D:10     | Bought a potion of might for 68 gold pieces
 10620 | D:10     | Bought a potion of curing for 51 gold pieces
 10709 | D:10     | Reached skill level 1 in Armour
 11167 | D:11     | Noticed a cyan ugly thing
 11593 | D:11     | Noticed a manticore
 11687 | D:11     | Got a translucent leather armour
 11700 | D:11     | Identified the +3 leather armour of Sloth {rElec rCorr
                  | Str-4 Slay+3} (You found it on level 11 of the Dungeon)
 11770 | D:11     | Killed a cyan ugly thing
 12013 | D:11     | Killed a manticore
 12013 | D:11     | Reached skill level 9 in Fighting
 12327 | D:12     | Gained mutation: You heal very quickly. [Vine Stalker
                  | growth]
 12327 | D:12     | Reached XP level 12. HP: 44/66 MP: 13/18
 12354 | D:12     | Reached **** piety under Wu Jian
 12439 | D:12     | Found a staircase to the Orcish Mines.
 12443 | D:12     | Noticed Psyche
 12479 | D:12     | Noticed a centaur warrior
 12502 | D:12     | Killed a centaur warrior
 12539 | D:12     | Reached ***** piety under Wu Jian
 12751 | D:12     | Killed Psyche
 13085 | Lair:1   | Entered Level 1 of the Lair of Beasts
 13165 | Lair:1   | Noticed a four-headed hydra
 13448 | Lair:1   | Noticed a five-headed hydra
 13511 | Lair:1   | Killed a two-headed hydra
 13543 | Lair:1   | Killed a three-headed hydra
 13564 | Lair:1   | Reached skill level 10 in Fighting
 13752 | Lair:1   | You fall into a shaft and drop 1 floor!
 14632 | Lair:2   | Reached skill level 5 in Armour
 14632 | Lair:2   | Reached XP level 13. HP: 72/72 MP: 20/20
 14850 | Lair:2   | Found a staircase to the Swamp.
 15001 | Lair:2   | Noticed Fannar
 15254 | Lair:2   | Killed Fannar
 16323 | Lair:4   | Found a staircase to the Snake Pit.
 16736 | Lair:4   | Reached skill level 5 in Maces & Flails
 17205 | Lair:4   | Reached skill level 11 in Fighting
 17429 | Lair:4   | You fall into a shaft and drop 2 floors!
 17429 | Lair:6   | Entered Level 6 of the Lair of Beasts
 17646 | Lair:5   | Reached XP level 14. HP: 79/79 MP: 22/22
 19198 | Lair:6   | Reached skill level 10 in Evocations
 19231 | Lair:6   | Got a shimmering short sword
 19232 | Lair:6   | Identified the cursed +3 short sword "Hyegem" {freeze,
                  | *Contam rF+ Dex+5} (You found it on level 6 of the Lair of
                  | Beasts)
 19948 | Lair:6   | Found a viscous altar of Jiyva.
 19948 | Lair:6   | Found a staircase to the Slime Pits.
 20247 | Lair:6   | Reached skill level 1 in Long Blades
 20731 | Lair:6   | Got a jewelled halberd
 21349 | Orc:1    | Entered Level 1 of the Orcish Mines
 21384 | D:12     | Reached skill level 12 in Fighting
 21780 | Orc:1    | Reached ****** piety under Wu Jian
 22124 | Orc:2    | Entered Level 2 of the Orcish Mines
 22340 | Orc:2    | Found a runed translucent door.
 22470 | Orc:2    | Found Haoxti's Antique Weapon Emporium.
 22548 | Orc:1    | Reached XP level 15. HP: 64/84 MP: 16/24
 22721 | Orc:2    | Noticed an orc warlord
 22800 | Orc:1    | Killed an orc warlord
 22914 | Orc:2    | Noticed an orc warlord
 23060 | Orc:1    | Killed an orc warlord
 23345 | Orc:2    | Noticed an orc warlord
 23457 | Orc:1    | Killed an orc warlord
 23966 | Orc:2    | Found Kuanto Jeank's Jewellery Boutique.
 23996 | Orc:2    | Noticed AlterAsc's ghost (journeyman OpTm)
 24006 | Orc:2    | Found a staircase to the Elven Halls.
 24064 | Orc:2    | Found Kyecso's Antique Armour Boutique.
 24246 | Orc:2    | Found Qiysuse's General Store.
 24254 | Orc:2    | Bought a scroll of silence for 82 gold pieces
 24254 | Orc:2    | Bought a scroll of enchant weapon for 82 gold pieces
 24630 | Orc:2    | Bought a pair of ancient boots for 247 gold pieces
 24631 | Orc:2    | Identified the +2 pair of boots "Hyfotoih" {rElec rCorr
                  | Str-4 Int-2} (You bought it in a shop on level 2 of the
                  | Orcish Mines)
 25287 | D:13     | Found a gate to the Vaults.
 25643 | D:13     | Reached skill level 13 in Fighting
 25924 | D:13     | Found Xuummuxe's Armour Emporium.
 26356 | D:14     | Identified Roxanne's Incunabulum of Changing
 26356 | D:14     | Noticed Roxanne
 26374 | D:14     | Noticed Louise
 26411 | D:14     | Killed Louise
 27483 | D:14     | Found Bobbun's Blood Bar.
 27639 | D:14     | Noticed Azrael
 27652 | D:14     | Reached XP level 16. HP: 40/91 MP: 12/26
 27659 | D:14     | Killed Azrael
 27918 | D:15     | Entered Level 15 of the Dungeon
 28699 | D:15     | Found a staircase to the Depths.
 29180 | Swamp:1  | Entered Level 1 of the Swamp
 29383 | Lair:2   | Paralysed by a hornet for 1 turns
 29408 | Lair:2   | Paralysed by a hornet for 3 turns
 29768 | Snake:1  | Entered Level 1 of the Snake Pit
 30026 | Snake:1  | Reached skill level 1 in Dodging
 31254 | Snake:2  | Noticed a nagaraja
 31413 | Snake:2  | Reached skill level 14 in Fighting
 31487 | Snake:2  | Reached skill level 10 in Armour
 31687 | Snake:2  | Killed a nagaraja
 31759 | Snake:2  | Noticed a nagaraja
 31790 | Snake:2  | Killed a nagaraja
 31890 | Snake:2  | Found Tuuzurgh's Book Shop.
 32369 | Snake:3  | Reached XP level 17. HP: 90/97 MP: 27/27
 33105 | Swamp:1  | Found a runed translucent door.
 33105 | Swamp:1  | Noticed Johnny's ghost (journeyman TrBe)
 33436 | Swamp:1  | Found an opulent altar of Gozag.
 35312 | Swamp:3  | Found a transporter.
 35315 | Swamp:3  | Found the amulet of the Air {Inacc +Fly rElec EV+5 RMsl}
 36059 | Swamp:3  | Reached skill level 5 in Dodging
 36480 | Swamp:3  | Found a transporter.
 36626 | Swamp:4  | Entered Level 4 of the Swamp
 37720 | Swamp:4  | HP: 1/98 [seven-headed hydra (6)]
 37721 | Swamp:4  | Succumbed to a swamp dragon's blast of poison

Levels and vault maps discovered:
D:1:      lemuel_arrival_tunnels, layout_basic
D:2:      minmay_recursive_quarters, layout_rooms, led_sif_pool
D:3:      layout_basic
D:4:      layout_rooms, lemuel_coloured_pillars_altar, first_ration,
          grunt_decor_arrowhead, chequers_serial_rivers_micro_e,
          minmay_fractal_squares_5
D:5:      layout_loops_cross, grunt_qazlal_sundering
D:6:      kennysheep_housing_project, layout_loops_ring,
          nicolae_ossuary_entry_giza, uniq_blork_the_orc
D:7:      layout_loops_cross, lemuel_crystal_altar, dancing_weapons_uskayaw,
          okawaru_ov_weapons_minmay, lemuel_crystal_altar,
          minmay_temple_entry_mini_moons, grunt_ogre_cave, trog_book,
          uniq_duvessa
D:8:      layout_rooms, serial_shops, shop, uniq_grum
D:9:      layout_cave_pools, enter_bailey_2, kennysheep_opposing_triangles,
          uniq_erica, uniq_harold, uniq_gastronok
D:10:     layout_basic, david_lair_shrubbed, serial_shops,
          nicolae_shop_behind_doors
D:11:     layout_basic, serial_shops, bzr_firewalk
D:12:     layout_rooms, hiddenorc2_lemuel, uniq_psyche
D:13:     layout_basic, erik_vaults_2, serial_shops, shop, water_maze_lemuel
D:14:     layout_basic, minivault_16, grunt_ministairs_12, guppyfry_shop_blood,
          uniq_azrael, uniq_roxanne, uniq_louise
D:15:     grunt_enter_depths_magical_seal, layout_irregular_city,
          minmay_misc_feat_columns
Temple:   compressed_dpeg_circular_temple
Lair:1:   layout_regular_city, infiniplex_staircase_pool_2,
          minmay_lair_oklob_chamber, grunt_megastairs_5
Lair:2:   layout_small_grid, minmay_swamp_entry_worms, uniq_fannar
Lair:3:   layout_misc_corridors, beast_lair_carwin_10
Lair:4:   beast_lair_carwin_large_1, layout_cave_shapes, dummy_snake_entry,
          serial_forest, infiniplex_forest_clump_medium,
          infiniplex_forest_end_2, infiniplex_forest_lined_room_3,
          infiniplex_forest_clump_long, infiniplex_forest_clump_medium,
          special_room [special_room_mythical_zoo]
Lair:5:   layout_regular_city, serial_bayou_shore_a, grunt_megastairs_4
Lair:6:   evilmike_catoblepas_cave, layout_cave_pods, slime_altar_1
Swamp:1:  layout_basic_swamp, gammafunk_ghost_grave, nicolae_swamp_godswood,
          swamp_pool4, infiniplex_staircase_pool
Swamp:2:  layout_falls_marsh, serial_swamp_ruin, evilmike_swamp_ruin_house_6,
          evilmike_swamp_ruin_house_2, swamp_pool4
Swamp:3:  gammafunk_its_a_trap, layout_basic_swamp, hangedman_swamp_cone
Swamp:4:  swamp, layout_basic_swamp, swamp_pool2,
          nicolae_swamp_alligator_family, uniq_nikola
Snake:1:  layout_cave_pods, special_room, grunt_ministairs_1, grunt_megastairs_3
Snake:2:  layout_rooms, serial_shops, shop
Snake:3:  layout_cave_town, abandoned_shop, grunt_ministairs_15,
          lemuel_fruit_tree, serial_bayou_shore_b
Orc:1:    layout_caves
Orc:2:    grunt_orc_gardens, layout_caves, grunt_orc_garden, grunt_orc_garden,
          grunt_orc_garden, grunt_orc_garden, ebering_ghost_reflecting_pool

Skill      XL: |  1  2  3  4  5  6  7  8  9 10 11 12 13 14 15 16 17 |
---------------+----------------------------------------------------+-----
Stealth        | 5 6 7 8 9 10 | 10.3
Fighting       | 2 3 4 5 6 7 9 10 11 12 13 14 | 14.8
Throwing       | 2 3 4 5 6 8 |  8.0
Axes           | 1 2 3 4 6 7 9 |  9.1
Evocations     | 2 5 6 8 9 10 12 | 12.7
Shields        | 2 4 |  4.2
Maces & Flails | 2 3 5 7 8 9 |  9.7
Armour         | 2 5 6 7 8 10 11 | 11.0
Long Blades    | 2 |  2.4
Dodging        | 3 5 |  5.6
Short Blades   | |  1.7

Action                   |  1- 3 |  4- 6 |  7- 9 | 10-12 | 13-15 | 16-18 || total
-------------------------+-------+-------+-------+-------+-------+-------++-------
Melee: Dagger            |   102 |   208 |   112 |     6 |       |       ||   428
       Bite              |    23 |    54 |   165 |   308 |   846 |   472 ||  1868
       Mace              |       |       |   143 |       |       |       ||   143
       Whip              |       |       |   176 |   676 |  1305 |       ||  2157
       Scimitar          |       |       |       |     9 |    29 |       ||    38
       Flail             |       |       |       |     9 |   115 |   104 ||   228
       War axe           |       |       |       |       |    34 |       ||    34
       Dire flail        |       |       |       |       |   390 |  1140 ||  1530
Throw: Dart              |     2 |    21 |    26 |    60 |    75 |    54 ||   238
       Throwing net      |       |       |     1 |     1 |     4 |       ||     6
       Javelin           |       |       |       |       |     3 |       ||     3
Invok: Lunge             |       |       |    23 |    74 |   171 |    82 ||   350
       Whirlwind         |       |       |     7 |   167 |   718 |   421 ||  1313
       Serpent's Lash    |       |       |       |     3 |    11 |    21 ||    35
       Heavenly Storm    |       |       |       |       |       |     1 ||     1
 Abil: Wall Jump         |       |       |       |       |       |     5 ||     5
Evoke: Wand              |       |       |       |    13 |    41 |    51 ||   105
       Sack of spiders   |       |       |       |       |       |     2 ||     2
  Use: Scroll            |       |       |     5 |    13 |    10 |    24 ||    52
       Potion            |       |       |       |     1 |     2 |     8 ||    11
 Stab: Sleeping          |     9 |    11 |    25 |    26 |    30 |    18 ||   119
       Invisible         |       |       |     2 |       |     3 |       ||     5
       Distracted        |       |       |     3 |     3 |     7 |     5 ||    18
       Paralysed         |       |       |       |     9 |    12 |     3 ||    24
       Confused          |       |       |       |       |       |     4 ||     4
  Eat: Chunk             |     2 |     7 |    16 |    20 |    31 |    18 ||    94
       Ration            |       |       |       |       |     4 |     5 ||     9
Armor: Robe              |    27 |    55 |   117 |    95 |       |       ||   294
       Leather armour    |       |       |       |    50 |   406 |   328 ||   784
Dodge: Dodged            |    61 |   120 |   198 |   244 |   731 |   796 ||  2150
Block: Buckler           |       |       |       |   206 |   333 |       ||   539
       Rpst.: Scimitar   |       |       |       |     1 |     8 |       ||     9
